Harfangs vs Influenza (R3)

Created - May 6, 2018 at 23:07

Goals
1 2 3 T
Harfangs 0 1 1 2
Influenza 2 2 1 5
Shots
1 2 3 T
Harfangs 10 15 6 31
Influenza 18 12 12 42

1st period

1. Influenza , T.J Galiardi 1 (Mathieu Carle 1, Charlie Coyle 1) at 12:23
2. Influenza , Jeremy Morin 1 (Mark Olver 1, Matt Corrente 1) at 17:25 (SH)

Penalties :
Matt Corrente (VJB) for Slashing (Minor) at 3:05, T.J Galiardi (VJB) for Unsportsmanlike conduct (Minor) at 13:31, Dylan Olsen (BEA) for High sticking (Minor) at 14:55, Garnet Hathaway (VJB) for Goalie Interference (Minor) at 16:33

2nd period

3. Influenza , Garnet Hathaway 1 (Lane MacDermid 1, Mark Olver 2) at 10:57
4. Influenza , Jimmy Vesey 1 (Beau Bennett 1, Charlie Coyle 2) at 14:52
5. Harfangs , Victor Bartley 1 (Tomas Kubalik 1, Cody Eakin 1) at 15:00

Penalties :
Andreas Martinsen (BEA) for Hooking (Minor) at 5:14, Matt Corrente (VJB) for Hooking (Minor) at 11:06, Jeff May (VJB) for Interference (Minor) at 11:23, Jeremy Morin (VJB) for Interference (Minor) at 17:08, Dylan Olsen (BEA) for Slashing (Minor) at 18:18

3rd period

6. Harfangs , Brian Lashoff 1 (Andreas Martinsen 1, Dylan Olsen 1) at 13:10 (PP)
7. Influenza , T.J Galiardi 2 (Jeremy Morin 1) at 14:46

Penalties :
Dylan Olsen (BEA) for Roughing (Minor) at 0:45, Matt Corrente (VJB) for Roughing (Minor) at 7:15, Dmitry Sinitsyn (VJB) for High sticking (Minor) at 12:39, Matt Corrente (VJB) for Hooking (Minor) at 16:34

Goalie Stats

Andrew Hammond (BEA), 37 saves from 42 shots - (0.881), L, 0-1-0, 60:00 minutes
Thomas McCollum (VJB), 29 saves from 31 shots - (0.935), W, 1-0-0, 60:00 minutes

Players Stats for Harfangs

Player Name              G  A  P  +/- PIM S  H  SB GA TA FO     MP     PP MP  PK MP  
------------------------------------------------------------------------------------
Andreas Martinsen        0  1  1   0  2   3  1  0  0  0  0/0    16:14   5:43   0:07 
Boone Jenner             0  0  0  -3  0   1  1  0  0  0  2/7     9:51   0:08   0:00 
Brandon Pirri            0  0  0  -1  0   3  1  1  0  1  0/1    19:26   6:14   2:26 
Brandon Saad             0  0  0  -3  0   1  1  0  0  0  0/0    10:08   0:00   0:37 
Brian Lashoff            1  0  1   0  0   1  2  2  0  0  0/0    28:06   6:23   3:16 
Calle Jarnkrok           0  0  0   0  0   1  1  1  0  0  10/11  15:55   5:43   0:00 
Cody Eakin               0  1  1   0  0   5  1  1  0  0  20/44  24:25   6:34   3:08 
Cristoval Nieves         0  0  0   0  0   0  0  0  0  0  0/3     5:41   0:00   0:00 
Dennis Everberg          0  0  0  -3  0   0  2  1  1  1  1/1     9:51   0:08   0:00 
Dylan Olsen              0  1  1  -3  6   1  2  3  0  0  0/0    20:42   6:31   0:46 
Jake Dotchin             0  0  0  -1  0   0  1  0  0  0  0/0    11:12   0:00   1:55 
Joel Armia               0  0  0   0  0   0  1  0  0  0  0/0     6:01   0:08   0:00 
Jujhar Khaira            0  0  0   0  0   0  2  1  0  1  0/0     6:11   0:00   0:30 
Nathan Beaulieu          0  0  0  -3  0   2  0  0  0  0  0/0    22:21   6:33   2:55 
Reid McNeill             0  0  0  -2  0   0  0  0  0  1  0/0    10:53   0:31   0:14 
Tomas Kubalik            0  1  1   0  0   8  1  2  1  0  1/1    24:25   6:34   3:08 
Victor Bartley           1  0  1   0  0   2  1  2  0  0  0/0    28:06   6:23   3:16 
Vojtech Polak            0  0  0  -1  0   3  4  1  1  0  3/6    22:32   7:05   2:26 

Players Stats for Influenza

Player Name              G  A  P  +/- PIM S  H  SB GA TA FO     MP     PP MP  PK MP  
------------------------------------------------------------------------------------
Beau Bennett             0  1  1   1  0   1  3  1  1  0  0/2    13:24   1:27   0:00 
Charlie Coyle            0  2  2   1  0   0  1  0  0  0  4/8    11:57   0:00   0:00 
Dmitry Sinitsyn          0  0  0   1  2   1  0  1  0  1  0/0    12:02   0:00   0:55 
Garnet Hathaway          1  0  1   1  2   2  1  0  0  0  0/0    10:07   1:04   0:00 
Iiro Pakarinen           0  0  0   0  0   5  2  1  1  0  0/0     8:44   0:00   2:44 
Jeff May                 0  0  0   1  2   0  3  1  1  1  0/0    20:03   2:05   5:25 
Jeremy Morin             1  1  2   2  2   3  2  1  0  0  0/1    19:37   3:41   2:47 
Jimmy Vesey              1  0  1   1  0   4  3  0  0  0  1/1    13:24   1:27   0:00 
Jordan Schroeder         0  0  0   0  0   0  1  0  1  0  2/4     5:50   0:00   0:00 
Lane MacDermid           0  1  1   1  0   1  1  0  0  0  0/0    10:04   0:00   1:57 
Mark Olver               0  2  2   2  0   5  1  1  0  0  12/21  17:59   1:27   7:49 
Mark Scheifele           0  0  0   1  0   6  6  0  0  1  17/36  22:21   4:44   3:24 
Mathieu Carle            0  1  1   1  0   6  1  3  0  0  0/0    30:35   5:23   6:53 
Matt Corrente            0  1  1   2  8   2  2  3  0  0  0/0    20:01   4:06   3:10 
Nikita Gusev             0  0  0   0  0   0  1  0  0  0  0/0     5:50   0:00   0:00 
Paul Ladue               0  0  0   2  0   1  2  5  0  0  0/0    18:55   0:48   7:01 
T.J Galiardi             2  0  2   1  2   3  3  1  0  0  1/1    23:04   4:42   5:21 
Tim Erixon               0  0  0   1  0   2  1  1  0  0  0/0    19:31   0:00   2:35 

3 Stars

1 - T.J Galiardi (VJB)
2 - Jeremy Morin (VJB)
3 - Mark Olver (VJB)

Power Play

Harfangs - 1 on 9 Attempt(s) - 11.11%
Influenza - 0 on 4 Attempt(s) - 0.00%

Penalty Kill

Harfangs - 4 on 4 Attempt(s) - 100.00% - Score 0 goal in Penalty Kill
Influenza - 8 on 9 Attempt(s) - 88.89% - Score 1 goal in Penalty Kill

Team Stat

Harfangs - Hits : 22 - Faceoff Wins : 37 - Blocked Shots : 15 - Penalty Minutes : 8
Influenza - Hits : 34 - Faceoff Wins : 37 - Blocked Shots : 19 - Penalty Minutes : 18

Official

Referees : O'Halloran Dan and Devorski Paul
Linesman : Dan Schachte and Tim Nowak

Game Notes

15:17 of 1st period - Influenza goal is going for a video replay. After video review, No Goal. The referee deems the play has been stopped, even if he had not physically had the opportunity to stop play by blowing his whistle.
15:21 of 1st period - Influenza goal is going for a video replay. After video review, No Goal. The puck has entered the net after making contact with an attacking player’s stick that is above the height of the crossbar.

Finance

Level 1 -- Attendance: 1882 (94.10%) -- Ticket Income $75,280
Level 2 -- Attendance: 906 (90.60%) -- Ticket Income $18,120
Total Attendance: 2788 (92.93%)
Total Ticket Income: $93,400
Other Income: $4,670
Total Income: $98,070

Harfangs

5 vs 5 Forward 
   Center                   Left Wing                Right Wing               Time % Phy DF OF 
 1 Cody Eakin               Vojtech Polak            Tomas Kubalik            40     1   2  2  
 2 Calle Jarnkrok           Andreas Martinsen        Brandon Pirri            30     1   2  2  
 3 Boone Jenner             Brandon Saad             Dennis Everberg          20     1   2  2  
 4 Cristoval Nieves         Jujhar Khaira            Joel Armia               10     1   2  2  

5 vs 5 Defense 
   Defense                  Defense                                           Time % Phy DF OF 
 1 Brian Lashoff            Victor Bartley                                    40     1   2  2  
 2 Nathan Beaulieu          Dylan Olsen                                       30     1   2  2  
 3 Reid McNeill             Jake Dotchin                                      20     1   2  2  
 4 Brian Lashoff            Victor Bartley                                    10     1   2  2  

PowerPlay Forward 
   Center                   Left Wing                Right Wing               Time % Phy DF OF 
 1 Cody Eakin               Vojtech Polak            Tomas Kubalik            60     1   2  2  
 2 Calle Jarnkrok           Andreas Martinsen        Brandon Pirri            40     1   2  2  

PowerPlay Defense
   Defense                  Defense                                           Time % Phy DF OF 
 1 Brian Lashoff            Victor Bartley                                    60     1   2  2  
 2 Nathan Beaulieu          Dylan Olsen                                       40     1   2  2  

Penalty Kill 4 Players Forward 
   Center                   Wing                     Time % Phy DF OF 
 1 Cody Eakin               Tomas Kubalik            60     1   2  2  
 2 Vojtech Polak            Brandon Pirri            40     1   2  2  

Penalty Kill 4 Players Defense
   Defense                  Defense                  Time % Phy DF OF 
 1 Brian Lashoff            Victor Bartley           60     1   2  2  
 2 Nathan Beaulieu          Dylan Olsen              40     1   2  2  

Penalty Kill - 3 Players Forward 
   Forward                                           Time % Phy DF OF 
 1 Cody Eakin                                        60     1   2  2  
 2 Tomas Kubalik                                     40     1   2  2  

Penalty Kill - 3 Players Defense
   Defense                  Defense                  Time % Phy DF OF 
 1 Brian Lashoff            Victor Bartley           60     1   2  2  
 2 Nathan Beaulieu          Dylan Olsen              40     1   2  2  

4 vs 4 Forward 
   Center                   Wing                     Time % Phy DF OF 
 1 Cody Eakin               Tomas Kubalik            60     1   2  2  
 2 Vojtech Polak            Brandon Pirri            40     1   2  2  

4 vs 4 Defense
   Defense                  Defense                  Time % Phy DF OF 
 1 Brian Lashoff            Victor Bartley           60     1   2  2  
 2 Nathan Beaulieu          Dylan Olsen              40     1   2  2  

Last Minutes Offensive
   Center                   Left Wing                Right Wing               Defense                  Defense                  
   Cody Eakin               Vojtech Polak            Tomas Kubalik            Brian Lashoff            Victor Bartley           

Last Minutes Defensive
   Center                   Left Wing                Right Wing               Defense                  Defense                  
   Cody Eakin               Vojtech Polak            Tomas Kubalik            Brian Lashoff            Victor Bartley           

Goaltenders
Starting : Andrew Hammond           
Backup : Anton Forsberg           

Extra Forwards
Normal : Dennis Everberg, Boone Jenner, Brandon Saad - PP : Dennis Everberg, Boone Jenner - PK : Brandon Saad
Extra Defensemen
Normal : Reid McNeill, Jake Dotchin, Nathan Beaulieu - PP : Reid McNeill - PK : Jake Dotchin, Nathan Beaulieu
Penalty Shots
Cody Eakin, Tomas Kubalik, Vojtech Polak, Brandon Pirri, Andreas Martinsen

Scratches
Colton Sissons (Healthy), Brenden Kichton (Healthy), John Macfarland (Healthy), Sebastian Wannstrom (Healthy), Mark Alt (Healthy)
Brendan Leipsic (Healthy), Alex Plante (Healthy), Angelo Esposito (Healthy), Dustin Jeffrey (Healthy), Michal Repik (Healthy)
Nick Holden (Healthy), Jason Kasdorf (Healthy), Mark Visentin (Healthy), Scott Wedgewood (Healthy)

Influenza

5 vs 5 Forward 
   Center                   Left Wing                Right Wing               Time % Phy DF OF 
 1 Mark Scheifele           T.J Galiardi             Jeremy Morin             40     1   2  2  
 2 Charlie Coyle            Jimmy Vesey              Beau Bennett             30     1   2  2  
 3 Mark Olver               Lane MacDermid           Garnet Hathaway          20     1   2  2  
 4 Jordan Schroeder         Nikita Gusev             Iiro Pakarinen           10     1   2  2  

5 vs 5 Defense 
   Defense                  Defense                                           Time % Phy DF OF 
 1 Mathieu Carle            Tim Erixon                                        40     1   2  2  
 2 Matt Corrente            Paul Ladue                                        30     1   2  2  
 3 Jeff May                 Dmitry Sinitsyn                                   20     1   2  2  
 4 Mathieu Carle            Tim Erixon                                        10     1   2  2  

PowerPlay Forward 
   Center                   Left Wing                Right Wing               Time % Phy DF OF 
 1 Mark Scheifele           T.J Galiardi             Jeremy Morin             60     1   2  2  
 2 Mark Olver               Jimmy Vesey              Beau Bennett             40     1   2  2  

PowerPlay Defense
   Defense                  Defense                                           Time % Phy DF OF 
 1 Mathieu Carle            Matt Corrente                                     60     1   2  2  
 2 Jeff May                 Paul Ladue                                        40     1   2  2  

Penalty Kill 4 Players Forward 
   Center                   Wing                     Time % Phy DF OF 
 1 Mark Olver               T.J Galiardi             60     1   2  2  
 2 Mark Scheifele           Jeremy Morin             40     1   2  2  

Penalty Kill 4 Players Defense
   Defense                  Defense                  Time % Phy DF OF 
 1 Mathieu Carle            Jeff May                 60     1   2  2  
 2 Matt Corrente            Paul Ladue               40     1   2  2  

Penalty Kill - 3 Players Forward 
   Forward                                           Time % Phy DF OF 
 1 Mark Olver                                        60     1   2  2  
 2 Mark Scheifele                                    40     1   2  2  

Penalty Kill - 3 Players Defense
   Defense                  Defense                  Time % Phy DF OF 
 1 Mathieu Carle            Jeff May                 60     1   2  2  
 2 Matt Corrente            Paul Ladue               40     1   2  2  

4 vs 4 Forward 
   Center                   Wing                     Time % Phy DF OF 
 1 Mark Scheifele           T.J Galiardi             60     1   2  2  
 2 Mark Olver               Jeremy Morin             40     1   2  2  

4 vs 4 Defense
   Defense                  Defense                  Time % Phy DF OF 
 1 Mathieu Carle            Jeff May                 60     1   2  2  
 2 Matt Corrente            Paul Ladue               40     1   2  2  

Last Minutes Offensive
   Center                   Left Wing                Right Wing               Defense                  Defense                  
   Mark Scheifele           T.J Galiardi             Jeremy Morin             Mathieu Carle            Matt Corrente            

Last Minutes Defensive
   Center                   Left Wing                Right Wing               Defense                  Defense                  
   Mark Scheifele           T.J Galiardi             Jeremy Morin             Mathieu Carle            Matt Corrente            

Goaltenders
Starting : Thomas McCollum          
Backup : Tyson Sexsmith           

Extra Forwards
Normal : Garnet Hathaway, T.J Galiardi, Iiro Pakarinen - PP : Garnet Hathaway, T.J Galiardi - PK : Iiro Pakarinen
Extra Defensemen
Normal : Matt Corrente, Mathieu Carle, Jeff May - PP : Matt Corrente - PK : Mathieu Carle, Jeff May
Penalty Shots
Jeremy Morin, Mark Olver, Beau Bennett, Mark Scheifele, Garnet Hathaway

Scratches
Jacob Josefson (Healthy), Jamie Devane (Healthy), Joe Morrow (Healthy), Johan Larsson (Healthy), Fredric Larsson (Healthy)
Tom Kuhnhackl (Healthy), Oskars Bartulis (Healthy), Rocco Grimaldi (Healthy), Ryan Sproul (Healthy), Josh Andrerson (Healthy)
Jesse Graham (Healthy), Vince Rocco (Healthy), Jamie Phillips (Healthy)

% Time on Ice - Harfangs

Lines # - Real PCT - Wanted PCT - Time Play
Normal Forward
1 - 35% - 40% - 13:31
2 - 27% - 30% - 10:25
3 - 24% - 20% - 9:31
4 - 15% - 10% - 5:41
Normal Defense
1 - 42% - 40% - 16:27
2 - 31% - 30% - 12:18
3 - 24% - 20% - 9:33
4 - 2% - 10% - 0:50
PP Forward
1 - 52% - 60% - 6:42
2 - 48% - 40% - 6:14
PP Defense
1 - 49% - 60% - 6:23
2 - 51% - 40% - 6:33
PK Forward
1 - 61% - 60% - 3:45
2 - 39% - 40% - 2:26
PK Defense
1 - 53% - 60% - 3:16
2 - 47% - 40% - 2:55
PK3 Forward
1 - 0% - 60%
2 - 0% - 40%
PK3 Defense
1 - 0% - 60%
2 - 0% - 40%
44 Forward
1 - 80% - 60% - 1:24
2 - 20% - 40% - 0:21
44 Defense
1 - 67% - 60% - 1:10
2 - 33% - 40% - 0:35
Last Minute Offensive  - 0:00
Last Minute Defensive  - 0:00
Total
Forward - 60:00
Defense - 60:00

% Time on Ice - Influenza

Lines # - Real PCT - Wanted PCT - Time Play
Normal Forward
1 - 32% - 40% - 12:33
2 - 32% - 30% - 12:38
3 - 21% - 20% - 8:07
4 - 15% - 10% - 5:50
Normal Defense
1 - 42% - 40% - 16:28
2 - 31% - 30% - 12:00
3 - 25% - 20% - 9:58
4 - 2% - 10% - 0:42
PP Forward
1 - 77% - 60% - 4:44
2 - 23% - 40% - 1:27
PP Defense
1 - 87% - 60% - 5:23
2 - 13% - 40% - 0:48
PK Forward
1 - 71% - 60% - 7:58
2 - 29% - 40% - 3:16
PK Defense
1 - 39% - 60% - 4:23
2 - 61% - 40% - 6:51
PK3 Forward
1 - 79% - 60% - 1:21
2 - 21% - 40% - 0:21
PK3 Defense
1 - 100% - 60% - 1:42
2 - 0% - 40% - 0:00
44 Forward
1 - 80% - 60% - 1:24
2 - 20% - 40% - 0:21
44 Defense
1 - 80% - 60% - 1:24
2 - 20% - 40% - 0:21
Last Minute Offensive  - 0:00
Last Minute Defensive  - 0:00
Total
Forward - 60:00
Defense - 60:00

Play by Play

1st period


0:01 of 1st period - Mark Scheifele wins face-off versus Vojtech Polak in neutral zone.
0:04 of 1st period - Vojtech Polak is hit by T.J Galiardi and loses puck.
0:25 of 1st period - Calle Jarnkrok is hit by Tim Erixon and loses puck.
0:36 of 1st period - Wrist shot by Beau Bennett.
0:36 of 1st period - Shot Blocked by Victor Bartley.
1:37 of 1st period - Jeff May is hit by Vojtech Polak and loses puck.
2:16 of 1st period - Wrist shot by Dennis Everberg.
2:16 of 1st period - Shot Misses the Net.
2:32 of 1st period - Snap shot by Iiro Pakarinen.
2:32 of 1st period - Stopped by Andrew Hammond with a rebound.
2:34 of 1st period - Slapshot by Tim Erixon.
2:34 of 1st period - Stopped by Andrew Hammond with a rebound.
2:36 of 1st period - Wrist shot by Jordan Schroeder.
2:36 of 1st period - Deflect By Iiro Pakarinen.
2:36 of 1st period - Stopped by Andrew Hammond without a rebound.
2:37 of 1st period - Mark Scheifele wins face-off versus Cody Eakin in Harfangs zone.
2:42 of 1st period - Wrist shot by T.J Galiardi.
2:42 of 1st period - Deflect By Jeremy Morin.
2:42 of 1st period - Shot Misses the Net.
2:42 of 1st period - Puck is out of play.
2:43 of 1st period - Vojtech Polak wins face-off versus Mark Scheifele in Harfangs zone.
2:43 of 1st period - Vojtech Polak is hit by Matt Corrente.
2:57 of 1st period - Wrist shot by Cody Eakin.
2:57 of 1st period - Shot Misses the Net.
3:05 of 1st period - Minor Penalty to Matt Corrente for Slashing.
3:06 of 1st period - Mark Olver wins face-off versus Cody Eakin in Influenza zone.
3:06 of 1st period - Mark Olver is hit by Tomas Kubalik.
3:31 of 1st period - Brandon Pirri is hit by Jeremy Morin and loses puck.
4:40 of 1st period - Andreas Martinsen is hit by Lane MacDermid and loses puck.
5:05 of 1st period - Penalty to Matt Corrente is over, Matt Corrente is back on ice.
5:27 of 1st period - Snap shot by Mark Scheifele.
5:27 of 1st period - Stopped by Andrew Hammond with a rebound.
5:29 of 1st period - Wrist shot by Jeremy Morin.
5:29 of 1st period - Shot Misses the Net.
5:31 of 1st period - Snap shot by Matt Corrente.
5:31 of 1st period - Stopped by Andrew Hammond with a rebound.
5:33 of 1st period - Snap shot by Jeremy Morin.
5:33 of 1st period - Shot Blocked by Dylan Olsen.
5:37 of 1st period - Snap shot by Jeremy Morin.
5:37 of 1st period - Stopped by Andrew Hammond with a rebound.
5:45 of 1st period - Wrist shot by Jeremy Morin.
5:45 of 1st period - Stopped by Andrew Hammond without a rebound.
5:46 of 1st period - Charlie Coyle wins face-off versus Cody Eakin in Harfangs zone.
5:55 of 1st period - Slapshot by Jimmy Vesey.
5:55 of 1st period - Stopped by Andrew Hammond with a rebound.
6:11 of 1st period - Charlie Coyle is hit by Jujhar Khaira and loses puck.
6:33 of 1st period - Snap shot by Jimmy Vesey.
6:33 of 1st period - Shot Blocked by Jujhar Khaira.
6:35 of 1st period - Slapshot by Matt Corrente.
6:35 of 1st period - Shot Misses the Net.
6:55 of 1st period - Wrist shot by Jimmy Vesey.
6:55 of 1st period - Deflect By Victor Bartley.
6:55 of 1st period - Stopped by Andrew Hammond with a rebound.
7:05 of 1st period - Slapshot by Brian Lashoff.
7:05 of 1st period - Shot Blocked by Matt Corrente.
7:13 of 1st period - Slapshot by Brian Lashoff.
7:13 of 1st period - Shot Blocked by Paul Ladue.
7:15 of 1st period - Slapshot by Victor Bartley.
7:15 of 1st period - Stopped by Thomas McCollum without a rebound.
7:16 of 1st period - Mark Scheifele wins face-off versus Cody Eakin in Influenza zone.
7:41 of 1st period - Reid McNeill is hit by Mark Olver and loses puck.
7:50 of 1st period - Snap shot by Lane MacDermid.
7:50 of 1st period - Shot Misses the Net.
9:10 of 1st period - Mark Olver is hit by Boone Jenner and loses puck.
9:19 of 1st period - Icing by Brandon Saad.
9:20 of 1st period - Dennis Everberg wins face-off versus Mark Scheifele in Harfangs zone.
9:25 of 1st period - Jeremy Morin is hit by Jake Dotchin and loses puck.
9:46 of 1st period - Snap shot by Vojtech Polak.
9:46 of 1st period - Shot Blocked by Iiro Pakarinen.
10:13 of 1st period - Snap shot by Andreas Martinsen.
10:13 of 1st period - Deflect By Calle Jarnkrok.
10:13 of 1st period - Shot Misses the Net.
10:13 of 1st period - Puck is out of play.
10:14 of 1st period - Calle Jarnkrok wins face-off versus Jeremy Morin in Influenza zone.
10:15 of 1st period - Snap shot by Andreas Martinsen.
10:15 of 1st period - Stopped by Thomas McCollum without a rebound.
10:16 of 1st period - Mark Scheifele wins face-off versus Calle Jarnkrok in Influenza zone.
10:59 of 1st period - Snap shot by Andreas Martinsen.
10:59 of 1st period - Stopped by Thomas McCollum without a rebound.
11:00 of 1st period - Cody Eakin wins face-off versus Beau Bennett in Influenza zone.
11:07 of 1st period - Snap shot by Cody Eakin.
11:07 of 1st period - Stopped by Thomas McCollum without a rebound.
11:08 of 1st period - Mark Scheifele wins face-off versus Cody Eakin in Influenza zone.
11:17 of 1st period - Paul Ladue is hit by Cody Eakin and loses puck.
12:08 of 1st period - Nathan Beaulieu is hit by Beau Bennett and loses puck.
12:23 of 1st period - Snap shot by T.J Galiardi.
12:23 of 1st period - Goal by T.J Galiardi - Harfangs : 0 - Influenza : 1.
12:24 of 1st period - Calle Jarnkrok wins face-off versus Mark Scheifele in neutral zone.
12:24 of 1st period - Calle Jarnkrok is hit by T.J Galiardi.
13:00 of 1st period - Wrist shot by Mathieu Carle.
13:00 of 1st period - Deflect By Andreas Martinsen.
13:00 of 1st period - Stopped by Andrew Hammond with a rebound.
13:31 of 1st period - Minor Penalty to T.J Galiardi for Unsportsmanlike conduct.
13:32 of 1st period - Cody Eakin wins face-off versus Mark Olver in Influenza zone.
13:33 of 1st period - Backhand shot by Vojtech Polak.
13:33 of 1st period - Stopped by Thomas McCollum without a rebound.
13:34 of 1st period - Mark Olver wins face-off versus Cody Eakin in Influenza zone.
13:34 of 1st period - Mark Olver is hit by Victor Bartley.
14:05 of 1st period - Backhand shot by Andreas Martinsen.
14:05 of 1st period - Deflect By Brandon Pirri.
14:05 of 1st period - Shot Blocked by Mark Olver.
14:05 of 1st period - Puck is out of play.
14:06 of 1st period - Mark Olver wins face-off versus Cody Eakin in Influenza zone.
14:06 of 1st period - Mark Olver is hit by Dylan Olsen.
14:55 of 1st period - Minor Penalty to Dylan Olsen for High sticking.
14:56 of 1st period - Tomas Kubalik wins face-off versus Mark Scheifele in Harfangs zone.
14:56 of 1st period - Tomas Kubalik is hit by Jeff May.
15:05 of 1st period - Wrist shot by Cody Eakin.
15:05 of 1st period - Deflect By Tomas Kubalik.
15:05 of 1st period - Stopped by Thomas McCollum without a rebound.
15:06 of 1st period - Mark Scheifele wins face-off versus Cody Eakin in Influenza zone.
15:13 of 1st period - Slapshot by Mathieu Carle.
15:13 of 1st period - Shot Blocked by Cody Eakin.
15:15 of 1st period - Snap shot by Mark Scheifele.
15:15 of 1st period - Shot Blocked by Victor Bartley.
15:17 of 1st period - Slapshot by Garnet Hathaway.
15:17 of 1st period - Influenza goal is going for a video replay.
15:17 of 1st period - The goal is refused. The referee deems the play has been stopped, even if he had not physically had the opportunity to stop play by blowing his whistle..
15:18 of 1st period - Mark Scheifele wins face-off versus Cody Eakin in Harfangs zone.
15:19 of 1st period - Slapshot by Mathieu Carle.
15:19 of 1st period - Shot Misses the Net.
15:21 of 1st period - Slapshot by Mathieu Carle.
15:21 of 1st period - Deflect By Mark Scheifele.
15:21 of 1st period - Influenza goal is going for a video replay.
15:21 of 1st period - The goal is refused. The puck has entered the net after making contact with an attacking player’s stick that is above the height of the crossbar..
15:22 of 1st period - Cody Eakin wins face-off versus Mark Scheifele in Harfangs zone.
15:29 of 1st period - Snap shot by Cody Eakin.
15:29 of 1st period - Shot Blocked by Mathieu Carle.
15:31 of 1st period - Penalty to T.J Galiardi is over, T.J Galiardi is back on ice.
16:01 of 1st period - Snap shot by Mark Scheifele.
16:01 of 1st period - Stopped by Andrew Hammond with a rebound.
16:31 of 1st period - Slapshot by Cody Eakin.
16:31 of 1st period - Stopped by Thomas McCollum with a rebound.
16:33 of 1st period - Minor Penalty to Garnet Hathaway for Goalie Interference.
16:34 of 1st period - Vojtech Polak wins face-off versus Mark Olver in Influenza zone.
16:35 of 1st period - Snap shot by Brandon Pirri.
16:35 of 1st period - Stopped by Thomas McCollum without a rebound.
16:36 of 1st period - Mark Olver wins face-off versus Vojtech Polak in Influenza zone.
16:43 of 1st period - Snap shot by Mark Olver.
16:43 of 1st period - Stopped by Andrew Hammond without a rebound.
16:44 of 1st period - Vojtech Polak wins face-off versus Mark Olver in Harfangs zone.
16:55 of 1st period - Penalty to Dylan Olsen is over, Dylan Olsen is back on ice.
17:01 of 1st period - Slapshot by Dylan Olsen.
17:01 of 1st period - Shot Blocked by Paul Ladue.
17:19 of 1st period - Snap shot by Mark Olver.
17:19 of 1st period - Shot Blocked by Vojtech Polak.
17:23 of 1st period - Wrist shot by Mark Olver.
17:23 of 1st period - Shot Misses the Net.
17:25 of 1st period - Slapshot by Jeremy Morin.
17:25 of 1st period - Goal by Jeremy Morin - Harfangs : 0 - Influenza : 2.
17:26 of 1st period - Mark Olver wins face-off versus Cody Eakin in neutral zone.
18:17 of 1st period - Vojtech Polak is hit by Mark Scheifele and loses puck.
18:33 of 1st period - Penalty to Garnet Hathaway is over, Garnet Hathaway is back on ice.
18:49 of 1st period - Slapshot by Mathieu Carle.
18:49 of 1st period - Stopped by Andrew Hammond without a rebound.
18:50 of 1st period - Calle Jarnkrok wins face-off versus Jordan Schroeder in Harfangs zone.
19:01 of 1st period - Slapshot by Iiro Pakarinen.
19:01 of 1st period - Stopped by Andrew Hammond with a rebound.
19:15 of 1st period - Victor Bartley is hit by Mathieu Carle and loses puck.
19:28 of 1st period - Wrist shot by Brandon Pirri.
19:28 of 1st period - Shot Misses the Net.
19:30 of 1st period - Snap shot by Calle Jarnkrok.
19:30 of 1st period - Stopped by Thomas McCollum without a rebound.
19:31 of 1st period - Cody Eakin wins face-off versus Mark Scheifele in Influenza zone.
19:40 of 1st period - Snap shot by Cody Eakin.
19:40 of 1st period - Stopped by Thomas McCollum with a rebound.
19:56 of 1st period - Paul Ladue is hit by Dennis Everberg.
Goals for this period are 0 for Harfangs vs 2 for Influenza.
Shots for this period are 10 for Harfangs vs 18 for Influenza.

2nd period


0:01 of 2nd period - Mark Scheifele wins face-off versus Cody Eakin in neutral zone.
0:28 of 2nd period - Calle Jarnkrok is hit by Jimmy Vesey and loses puck.
0:32 of 2nd period - Icing by Brandon Pirri.
0:33 of 2nd period - Calle Jarnkrok wins face-off versus Mark Olver in Harfangs zone.
0:46 of 2nd period - Slapshot by Matt Corrente.
0:46 of 2nd period - Shot Blocked by Calle Jarnkrok.
0:48 of 2nd period - Slapshot by Mark Olver.
0:48 of 2nd period - Deflect By Andreas Martinsen.
0:48 of 2nd period - Stopped by Andrew Hammond without a rebound.
0:49 of 2nd period - Cody Eakin wins face-off versus Mark Scheifele in Harfangs zone.
1:14 of 2nd period - Dennis Everberg is hit by Jimmy Vesey and loses puck.
1:21 of 2nd period - Boone Jenner is hit by Beau Bennett and loses puck.
1:41 of 2nd period - Victor Bartley is hit by Jimmy Vesey and loses puck.
1:48 of 2nd period - Snap shot by Charlie Coyle.
1:48 of 2nd period - Shot Blocked by Dennis Everberg.
2:03 of 2nd period - Icing by Tim Erixon.
2:04 of 2nd period - Jimmy Vesey wins face-off versus Cody Eakin in Influenza zone.
2:06 of 2nd period - Icing by Mathieu Carle.
2:07 of 2nd period - Cody Eakin wins face-off versus Beau Bennett in Influenza zone.
2:08 of 2nd period - Slapshot by Vojtech Polak.
2:08 of 2nd period - Shot Misses the Net.
2:16 of 2nd period - Wrist shot by Cody Eakin.
2:16 of 2nd period - Stopped by Thomas McCollum with a rebound.
2:18 of 2nd period - Wrist shot by Tomas Kubalik.
2:18 of 2nd period - Deflect By Tim Erixon.
2:18 of 2nd period - Stopped by Thomas McCollum with a rebound.
2:20 of 2nd period - Snap shot by Cody Eakin.
2:20 of 2nd period - Shot Blocked by Beau Bennett.
3:18 of 2nd period - Slapshot by Tim Erixon.
3:18 of 2nd period - Shot Blocked by Tomas Kubalik.
3:40 of 2nd period - Wrist shot by Boone Jenner.
3:40 of 2nd period - Stopped by Thomas McCollum without a rebound.
3:41 of 2nd period - Mark Olver wins face-off versus Boone Jenner in Influenza zone.
3:48 of 2nd period - Slapshot by Paul Ladue.
3:48 of 2nd period - Shot Blocked by Dylan Olsen.
3:50 of 2nd period - Slapshot by Paul Ladue.
3:50 of 2nd period - Stopped by Andrew Hammond with a rebound.
3:52 of 2nd period - Wrist shot by Mark Olver.
3:52 of 2nd period - Deflect By Lane MacDermid.
3:52 of 2nd period - Stopped by Andrew Hammond without a rebound.
3:53 of 2nd period - Mark Scheifele wins face-off versus Cody Eakin in Harfangs zone.
3:56 of 2nd period - Wrist shot by T.J Galiardi.
3:56 of 2nd period - Stopped by Andrew Hammond with a rebound.
4:18 of 2nd period - Nathan Beaulieu is hit by Matt Corrente and loses puck.
4:23 of 2nd period - Snap shot by Mark Olver.
4:23 of 2nd period - Shot Blocked by Brandon Pirri.
4:25 of 2nd period - Wrist shot by Mark Olver.
4:25 of 2nd period - Stopped by Andrew Hammond without a rebound.
4:26 of 2nd period - Mark Scheifele wins face-off versus Cody Eakin in Harfangs zone.
4:34 of 2nd period - Off-side.
4:35 of 2nd period - Cody Eakin wins face-off versus Mark Scheifele in neutral zone.
4:40 of 2nd period - Snap shot by Cody Eakin.
4:40 of 2nd period - Shot Blocked by Jeremy Morin.
4:42 of 2nd period - Slapshot by Brian Lashoff.
4:42 of 2nd period - Shot Blocked by Matt Corrente.
4:44 of 2nd period - Wrist shot by Cody Eakin.
4:44 of 2nd period - Stopped by Thomas McCollum with a rebound.
4:48 of 2nd period - Snap shot by Tomas Kubalik.
4:48 of 2nd period - Stopped by Thomas McCollum with a rebound.
4:52 of 2nd period - Wrist shot by Tomas Kubalik.
4:52 of 2nd period - Stopped by Thomas McCollum without a rebound.
4:53 of 2nd period - Calle Jarnkrok wins face-off versus Charlie Coyle in Influenza zone.
4:54 of 2nd period - Slapshot by Brandon Pirri.
4:54 of 2nd period - Shot Blocked by Mathieu Carle.
5:04 of 2nd period - Wrist shot by Jimmy Vesey.
5:04 of 2nd period - Deflect By Beau Bennett.
5:04 of 2nd period - Stopped by Andrew Hammond with a rebound.
5:06 of 2nd period - Snap shot by Jimmy Vesey.
5:06 of 2nd period - Shot Misses the Net.
5:08 of 2nd period - Wrist shot by Beau Bennett.
5:08 of 2nd period - Shot Misses the Net.
5:14 of 2nd period - Minor Penalty to Andreas Martinsen for Hooking.
5:15 of 2nd period - Mark Scheifele wins face-off versus Cody Eakin in Harfangs zone.
5:20 of 2nd period - Snap shot by T.J Galiardi.
5:20 of 2nd period - Shot Misses the Net.
7:14 of 2nd period - Penalty to Andreas Martinsen is over, Andreas Martinsen is back on ice.
7:16 of 2nd period - Snap shot by Vojtech Polak.
7:16 of 2nd period - Shot Blocked by Mathieu Carle.
7:22 of 2nd period - Snap shot by Mathieu Carle.
7:22 of 2nd period - Shot Misses the Net.
7:26 of 2nd period - Slapshot by Iiro Pakarinen.
7:26 of 2nd period - Deflect By Andreas Martinsen.
7:26 of 2nd period - Shot Misses the Net.
7:26 of 2nd period - Puck is out of play.
7:27 of 2nd period - Boone Jenner wins face-off versus Jordan Schroeder in Harfangs zone.
7:27 of 2nd period - Boone Jenner is hit by Jeff May.
7:39 of 2nd period - Snap shot by Boone Jenner.
7:39 of 2nd period - Shot Misses the Net.
7:51 of 2nd period - Garnet Hathaway is hit by Joel Armia and loses puck.
8:12 of 2nd period - Beau Bennett is hit by Brian Lashoff and loses puck.
8:35 of 2nd period - Matt Corrente is hit by Brandon Pirri and loses puck.
8:40 of 2nd period - Slapshot by Brandon Pirri.
8:40 of 2nd period - Stopped by Thomas McCollum with a rebound.
9:00 of 2nd period - Off-side.
9:01 of 2nd period - Boone Jenner wins face-off versus Mark Scheifele in neutral zone.
9:20 of 2nd period - Tim Erixon is hit by Brandon Saad and loses puck.
9:41 of 2nd period - Wrist shot by Victor Bartley.
9:41 of 2nd period - Shot Blocked by Dmitry Sinitsyn.
9:53 of 2nd period - Wrist shot by Calle Jarnkrok.
9:53 of 2nd period - Deflect By Brandon Pirri.
9:53 of 2nd period - Stopped by Thomas McCollum without a rebound.
9:54 of 2nd period - Calle Jarnkrok wins face-off versus Mark Olver in Influenza zone.
10:05 of 2nd period - Wrist shot by Andreas Martinsen.
10:05 of 2nd period - Stopped by Thomas McCollum with a rebound.
10:07 of 2nd period - Slapshot by Nathan Beaulieu.
10:07 of 2nd period - Stopped by Thomas McCollum without a rebound.
10:08 of 2nd period - Mark Scheifele wins face-off versus Cody Eakin in Influenza zone.
10:13 of 2nd period - Wrist shot by T.J Galiardi.
10:13 of 2nd period - Shot Misses the Net.
10:53 of 2nd period - Icing by Boone Jenner.
10:54 of 2nd period - Mark Olver wins face-off versus Boone Jenner in Harfangs zone.
10:57 of 2nd period - Wrist shot by Garnet Hathaway.
10:57 of 2nd period - Goal by Garnet Hathaway - Harfangs : 0 - Influenza : 3.
10:58 of 2nd period - Mark Scheifele wins face-off versus Cody Eakin in neutral zone.
11:06 of 2nd period - Minor Penalty to Matt Corrente for Hooking.
11:07 of 2nd period - Cody Eakin wins face-off versus Mark Olver in Influenza zone.
11:12 of 2nd period - Snap shot by Vojtech Polak.
11:12 of 2nd period - Shot Blocked by Jeff May.
11:20 of 2nd period - Wrist shot by Tomas Kubalik.
11:20 of 2nd period - Stopped by Thomas McCollum without a rebound.
11:21 of 2nd period - Mark Olver wins face-off versus Cody Eakin in Influenza zone.
11:23 of 2nd period - Minor Penalty to Jeff May for Interference.
11:24 of 2nd period - Mark Olver wins face-off versus Cody Eakin in Influenza zone.
11:39 of 2nd period - Snap shot by Vojtech Polak.
11:39 of 2nd period - Stopped by Thomas McCollum with a rebound.
11:57 of 2nd period - Wrist shot by Brandon Pirri.
11:57 of 2nd period - Shot Misses the Net.
11:59 of 2nd period - Slapshot by Dylan Olsen.
11:59 of 2nd period - Stopped by Thomas McCollum without a rebound.
12:00 of 2nd period - Mark Olver wins face-off versus Vojtech Polak in Influenza zone.
13:00 of 2nd period - Slapshot by Tim Erixon.
13:00 of 2nd period - Deflect By Brian Lashoff.
13:00 of 2nd period - Stopped by Andrew Hammond with a rebound.
13:06 of 2nd period - Penalty to Matt Corrente is over, Matt Corrente is back on ice.
13:06 of 2nd period - Victor Bartley is hit by Mark Scheifele and loses puck.
13:23 of 2nd period - Penalty to Jeff May is over, Jeff May is back on ice.
13:23 of 2nd period - Tomas Kubalik is hit by Jeff May and loses puck.
13:38 of 2nd period - Slapshot by Iiro Pakarinen.
13:38 of 2nd period - Stopped by Andrew Hammond without a rebound.
13:39 of 2nd period - Charlie Coyle wins face-off versus Boone Jenner in Harfangs zone.
14:09 of 2nd period - Boone Jenner is hit by Charlie Coyle and loses puck.
14:34 of 2nd period - Snap shot by Jimmy Vesey.
14:34 of 2nd period - Shot Misses the Net.
14:52 of 2nd period - Snap shot by Jimmy Vesey.
14:52 of 2nd period - Goal by Jimmy Vesey - Harfangs : 0 - Influenza : 4.
14:53 of 2nd period - Cody Eakin wins face-off versus Mark Scheifele in neutral zone.
14:58 of 2nd period - Wrist shot by Tomas Kubalik.
14:58 of 2nd period - Shot Misses the Net.
15:00 of 2nd period - Snap shot by Victor Bartley.
15:00 of 2nd period - Goal by Victor Bartley - Harfangs : 1 - Influenza : 4.
15:01 of 2nd period - Cody Eakin wins face-off versus Mark Scheifele in neutral zone.
15:01 of 2nd period - Cody Eakin is hit by Jeremy Morin.
15:05 of 2nd period - Mathieu Carle is hit by Vojtech Polak and loses puck.
15:18 of 2nd period - Vojtech Polak is hit by Mark Scheifele and loses puck.
15:51 of 2nd period - Matt Corrente is hit by Jujhar Khaira and loses puck.
16:12 of 2nd period - Snap shot by Boone Jenner.
16:12 of 2nd period - Shot Blocked by Paul Ladue.
16:14 of 2nd period - Slapshot by Victor Bartley.
16:14 of 2nd period - Shot Misses the Net.
16:16 of 2nd period - Slapshot by Victor Bartley.
16:16 of 2nd period - Shot Misses the Net.
16:18 of 2nd period - Slapshot by Brian Lashoff.
16:18 of 2nd period - Shot Blocked by Matt Corrente.
16:20 of 2nd period - Snap shot by Brandon Saad.
16:20 of 2nd period - Stopped by Thomas McCollum without a rebound.
16:21 of 2nd period - Cody Eakin wins face-off versus Mark Scheifele in Influenza zone.
16:50 of 2nd period - Off-side.
16:51 of 2nd period - Calle Jarnkrok wins face-off versus Mark Scheifele in neutral zone.
17:08 of 2nd period - Minor Penalty to Jeremy Morin for Interference.
17:09 of 2nd period - Mark Olver wins face-off versus Cody Eakin in Influenza zone.
17:09 of 2nd period - Mark Olver is hit by Vojtech Polak.
18:03 of 2nd period - Matt Corrente is hit by Vojtech Polak and loses puck.
18:16 of 2nd period - Wrist shot by Mark Scheifele.
18:16 of 2nd period - Shot Misses the Net.
18:18 of 2nd period - Minor Penalty to Dylan Olsen for Slashing.
18:19 of 2nd period - Mark Scheifele wins face-off versus Cody Eakin in Harfangs zone.
18:27 of 2nd period - Icing by Brian Lashoff.
18:28 of 2nd period - Cody Eakin wins face-off versus Mark Scheifele in Harfangs zone.
19:08 of 2nd period - Penalty to Jeremy Morin is over, Jeremy Morin is back on ice.
19:19 of 2nd period - Wrist shot by Mark Olver.
19:19 of 2nd period - Stopped by Andrew Hammond with a rebound.
19:21 of 2nd period - Slapshot by Mathieu Carle.
19:21 of 2nd period - Stopped by Andrew Hammond without a rebound.
19:22 of 2nd period - Cody Eakin wins face-off versus Mark Olver in Harfangs zone.
19:56 of 2nd period - Mathieu Carle is hit by Andreas Martinsen and loses puck.
Goals for this period are 1 for Harfangs vs 2 for Influenza.
Shots for this period are 15 for Harfangs vs 12 for Influenza.

3rd period


0:01 of 3rd period - Mark Scheifele wins face-off versus Cody Eakin in neutral zone.
0:04 of 3rd period - Slapshot by Mathieu Carle.
0:04 of 3rd period - Stopped by Andrew Hammond with a rebound.
0:18 of 3rd period - Penalty to Dylan Olsen is over, Dylan Olsen is back on ice.
0:26 of 3rd period - Brian Lashoff is hit by Garnet Hathaway and loses puck.
0:45 of 3rd period - Minor Penalty to Dylan Olsen for Roughing.
0:46 of 3rd period - Cody Eakin wins face-off versus Mark Scheifele in Harfangs zone.
0:55 of 3rd period - Slapshot by Mathieu Carle.
0:55 of 3rd period - Stopped by Andrew Hammond without a rebound.
0:56 of 3rd period - Mark Scheifele wins face-off versus Brandon Pirri in Harfangs zone.
0:59 of 3rd period - Snap shot by Mark Scheifele.
0:59 of 3rd period - Stopped by Andrew Hammond with a rebound.
1:01 of 3rd period - Wrist shot by Mark Scheifele.
1:01 of 3rd period - Stopped by Andrew Hammond with a rebound.
1:03 of 3rd period - Slapshot by Mathieu Carle.
1:03 of 3rd period - Stopped by Andrew Hammond with a rebound.
1:05 of 3rd period - Slapshot by Mathieu Carle.
1:05 of 3rd period - Shot Misses the Net.
1:39 of 3rd period - Snap shot by T.J Galiardi.
1:39 of 3rd period - Shot Misses the Net.
1:41 of 3rd period - Snap shot by T.J Galiardi.
1:41 of 3rd period - Shot Misses the Net.
2:40 of 3rd period - Slapshot by Mathieu Carle.
2:40 of 3rd period - Shot Blocked by Tomas Kubalik.
2:42 of 3rd period - Slapshot by Matt Corrente.
2:42 of 3rd period - Stopped by Andrew Hammond with a rebound.
2:44 of 3rd period - Slapshot by Matt Corrente.
2:44 of 3rd period - Shot Blocked by Brian Lashoff.
2:45 of 3rd period - Penalty to Dylan Olsen is over, Dylan Olsen is back on ice.
3:08 of 3rd period - Wrist shot by Mark Scheifele.
3:08 of 3rd period - Stopped by Andrew Hammond without a rebound.
3:09 of 3rd period - Charlie Coyle wins face-off versus Boone Jenner in Harfangs zone.
3:10 of 3rd period - Snap shot by Jimmy Vesey.
3:10 of 3rd period - Stopped by Andrew Hammond without a rebound.
3:11 of 3rd period - Charlie Coyle wins face-off versus Boone Jenner in Harfangs zone.
3:20 of 3rd period - Snap shot by Charlie Coyle.
3:20 of 3rd period - Shot Misses the Net.
3:22 of 3rd period - Wrist shot by Jimmy Vesey.
3:22 of 3rd period - Shot Blocked by Dylan Olsen.
3:24 of 3rd period - Slapshot by Dmitry Sinitsyn.
3:24 of 3rd period - Stopped by Andrew Hammond without a rebound.
3:25 of 3rd period - Mark Olver wins face-off versus Cristoval Nieves in Harfangs zone.
3:32 of 3rd period - Wrist shot by Mark Olver.
3:32 of 3rd period - Stopped by Andrew Hammond with a rebound.
3:34 of 3rd period - Slapshot by Dmitry Sinitsyn.
3:34 of 3rd period - Shot Misses the Net.
3:42 of 3rd period - Mark Olver is hit by Brian Lashoff and loses puck.
4:19 of 3rd period - Iiro Pakarinen is hit by Dylan Olsen and loses puck.
4:28 of 3rd period - Brandon Pirri is hit by Paul Ladue and loses puck.
5:12 of 3rd period - Icing by Mathieu Carle.
5:13 of 3rd period - Jordan Schroeder wins face-off versus Cristoval Nieves in Influenza zone.
6:32 of 3rd period - Icing by Reid McNeill.
6:33 of 3rd period - Jordan Schroeder wins face-off versus Cristoval Nieves in Harfangs zone.
7:10 of 3rd period - Wrist shot by Vojtech Polak.
7:10 of 3rd period - Stopped by Thomas McCollum without a rebound.
7:11 of 3rd period - Calle Jarnkrok wins face-off versus Charlie Coyle in Influenza zone.
7:15 of 3rd period - Minor Penalty to Matt Corrente for Roughing.
7:16 of 3rd period - Cody Eakin wins face-off versus Mark Olver in Influenza zone.
8:01 of 3rd period - Dylan Olsen is hit by Paul Ladue and loses puck.
8:30 of 3rd period - Dylan Olsen is hit by Iiro Pakarinen and loses puck.
8:39 of 3rd period - Wrist shot by Iiro Pakarinen.
8:39 of 3rd period - Stopped by Andrew Hammond with a rebound.
9:15 of 3rd period - Penalty to Matt Corrente is over, Matt Corrente is back on ice.
10:40 of 3rd period - Mark Olver is hit by Calle Jarnkrok and loses puck.
11:01 of 3rd period - Brandon Saad is hit by Nikita Gusev and loses puck.
11:08 of 3rd period - Snap shot by Iiro Pakarinen.
11:08 of 3rd period - Shot Misses the Net.
11:52 of 3rd period - Joel Armia is hit by Mark Scheifele.
12:07 of 3rd period - Tomas Kubalik is hit by Jordan Schroeder and loses puck.
12:20 of 3rd period - Snap shot by Brandon Pirri.
12:20 of 3rd period - Shot Misses the Net.
12:30 of 3rd period - Jake Dotchin is hit by Mark Scheifele and loses puck.
12:39 of 3rd period - Minor Penalty to Dmitry Sinitsyn for High sticking.
12:40 of 3rd period - T.J Galiardi wins face-off versus Cody Eakin in Influenza zone.
13:08 of 3rd period - Slapshot by Andreas Martinsen.
13:08 of 3rd period - Shot Blocked by T.J Galiardi.
13:10 of 3rd period - Slapshot by Brian Lashoff.
13:10 of 3rd period - Goal by Brian Lashoff - Harfangs : 2 - Influenza : 4.
13:11 of 3rd period - Mark Scheifele wins face-off versus Cody Eakin in neutral zone.
13:20 of 3rd period - Snap shot by Mark Scheifele.
13:20 of 3rd period - Shot Blocked by Brian Lashoff.
13:25 of 3rd period - Off-side.
13:26 of 3rd period - Calle Jarnkrok wins face-off versus Charlie Coyle in neutral zone.
13:51 of 3rd period - Backhand shot by T.J Galiardi.
13:51 of 3rd period - Deflect By Jeremy Morin.
13:51 of 3rd period - Shot Misses the Net.
13:51 of 3rd period - Puck is out of play.
13:52 of 3rd period - Cody Eakin wins face-off versus Mark Scheifele in Harfangs zone.
13:54 of 3rd period - Icing by Nathan Beaulieu.
13:55 of 3rd period - Cody Eakin wins face-off versus Mark Scheifele in Harfangs zone.
14:04 of 3rd period - Dylan Olsen is hit by T.J Galiardi and loses puck.
14:42 of 3rd period - Dylan Olsen is hit by Mark Scheifele.
14:46 of 3rd period - Slapshot by T.J Galiardi.
14:46 of 3rd period - Goal by T.J Galiardi - Harfangs : 2 - Influenza : 5.
14:47 of 3rd period - Calle Jarnkrok wins face-off versus Charlie Coyle in neutral zone.
15:03 of 3rd period - Slapshot by Andreas Martinsen.
15:03 of 3rd period - Shot Misses the Net.
15:56 of 3rd period - Snap shot by Dennis Everberg.
15:56 of 3rd period - Shot Misses the Net.
15:58 of 3rd period - Slapshot by Nathan Beaulieu.
15:58 of 3rd period - Shot Blocked by Tim Erixon.
16:00 of 3rd period - Slapshot by Nathan Beaulieu.
16:00 of 3rd period - Stopped by Thomas McCollum without a rebound.
16:01 of 3rd period - Cody Eakin wins face-off versus Mark Scheifele in Influenza zone.
16:12 of 3rd period - Snap shot by Tomas Kubalik.
16:12 of 3rd period - Stopped by Thomas McCollum without a rebound.
16:13 of 3rd period - Cody Eakin wins face-off versus Mark Scheifele in Influenza zone.
16:20 of 3rd period - Slapshot by Tomas Kubalik.
16:20 of 3rd period - Shot Misses the Net.
16:22 of 3rd period - Slapshot by Brian Lashoff.
16:22 of 3rd period - Shot Blocked by Paul Ladue.
16:24 of 3rd period - Snap shot by Vojtech Polak.
16:24 of 3rd period - Shot Blocked by Paul Ladue.
16:26 of 3rd period - Wrist shot by Cody Eakin.
16:26 of 3rd period - Shot Misses the Net.
16:28 of 3rd period - Slapshot by Tomas Kubalik.
16:28 of 3rd period - Stopped by Thomas McCollum with a rebound.
16:34 of 3rd period - Minor Penalty to Matt Corrente for Hooking.
16:35 of 3rd period - Cody Eakin wins face-off versus Mark Olver in Influenza zone.
16:38 of 3rd period - Snap shot by Tomas Kubalik.
16:38 of 3rd period - Stopped by Thomas McCollum with a rebound.
18:34 of 3rd period - Penalty to Matt Corrente is over, Matt Corrente is back on ice.
18:55 of 3rd period - Brandon Saad is hit by Iiro Pakarinen.
19:05 of 3rd period - Paul Ladue is hit by Dennis Everberg and loses puck.
19:36 of 3rd period - Victor Bartley is hit by Beau Bennett and loses puck.
Goals for this period are 1 for Harfangs vs 1 for Influenza.
Shots for this period are 6 for Harfangs vs 12 for Influenza.